 Dungeon Sprint DCSS version 0.18-a0-33-g9e10395 (console) character file.

130 Kellhus the Carver (level 4, 0/34 (37) HPs)
             Began as a Demigod Fighter on Nov 5, 2015.
             Slain by a worker ant (2 damage)
             ... in the Dungeon (Sprint IX: "|||||||||||||||||||||||||||||").
             The game lasted 00:00:32 (304 turns).

Kellhus the Carver (Demigod Fighter)                 Turns: 304, Time: 00:00:32

HP:   0/34 (37)     AC:  6    Str: 19    XL:     4   Next: 60%
MP:   6/6           EV:  7    Int: 12    God:
Gold: 0             SH:  9    Dex: 17    Spells: 0 memorised, 3 levels left

rFire  . . .     SeeInvis .     a - +0 long sword
rCold  . . .     Clarity  .     b - +0 scale mail
rNeg   . . .     SustAt   +     c - +0 shield
rPois  .         Gourm    .     (no helmet)
rElec  .         Spirit   .     (no cloak)
rCorr  .         Warding  .     (no gloves)
rMut   .         NoTele   +     (no boots)
MR     .....                    (no amulet)
Stlth  ..........               (no ring)
                                (no ring)

@: non-regenerating, mildly diseased, not resistant to hostile enchantments,
extremely unstealthy
A: high mp 1, sustain attributes
a: no special abilities


You were in the Dungeon.
You were not hungry.

You visited 1 branch

Inventory:

Hand Weapons
 a - a +0 long sword (weapon)
 o - the +4 quarterstaff of Siam {crush, rElec Str+3 Dex-2}
   (You found it in the Dungeon)

   It inflicts extra damage upon your enemies.
   It affects your strength (+3).
   It affects your dexterity (-2).
   It insulates you from electricity.
Armour
 b - a +0 scale mail (worn)
 c - a +0 shield (worn)
 p - a +0 helmet
 q - a +0 pair of boots
Jewellery
 r - a +3 ring of intelligence
 s - a +3 ring of intelligence
Wands
 n - a wand of draining (7)
Scrolls
 k - 2 scrolls of blinking
 l - 3 scrolls of remove curse
 m - 2 scrolls of amnesia
Potions
 d - a potion of might
 f - 5 potions of curing
 g - 3 potions of heal wounds
 h - a potion of haste
 i - 4 potions of magic
Comestibles
 e - a bread ration


   Skills:
 - Level 2.6 Fighting
 + Level 9.1 Long Blades
 - Level 2.6 Armour
 - Level 2.6 Shields


You had 3 spell levels left.
You didn't know any spells.

Dungeon Overview and Level Annotations

Branches:
Dungeon (1/1)


Innate Abilities, Weirdness & Mutations

You have an increased reservoir of magic (+10% MP).
Your attributes are resistant to harm.


Message History

The crimson imp barely misses you. You block the worker ant's attack.
Your shield and scale mail prevent you from hitting the worker ant.
The crimson imp blinks!
You block the worker ant's attack.
You completely miss the worker ant. You block the worker ant's attack.
You hit the worker ant but do no damage.
The crimson imp blinks! x2
You block the worker ant's attack.
You hit the worker ant.
The worker ant is lightly wounded.
You block the worker ant's attack.
The crimson imp laughs crazily.
You slash the worker ant!
The worker ant is heavily wounded.
The worker ant bites you but does no damage.
You hit the worker ant.
The worker ant is severely wounded.
The worker ant bites you but does no damage.
The crimson imp hits you but does no damage.
The worker ant bites you.
You die... ▓▓▓▓▓▓▓▓▓▓▓▓▓▓▓▓▓▓▓▓▓▓▓▓ _______'!.|)..55@a...... ▓▓▓▓▓▓▓▓▓▓▓▓▓▓▓▓▓▓▓▓▓▓▓▓

You could see a worker ant and 2 crimson imps.

Vanquished Creatures
  A necrophage (D)
  A hound (D)
  2 giant geckos (D)
  A bat skeleton (D)
  2 goblins (D)
  A kobold (D)
  2 quokkas (D)
  2 ball pythons (D)
  A rat (D)
13 creatures vanquished.

Notes
Turn   | Place    | Note
--------------------------------------------------------------
     0 | D        | Kellhus the Demigod Fighter began the quest for the Orb.
     0 | D        | Reached XP level 1. HP: 18/18 MP: 3/3
     9 | D        | Reached skill level 3 in Long Blades
    42 | D        | Reached skill level 4 in Long Blades
    52 | D        | Reached XP level 2. HP: 8/25 MP: 4/4
   221 | D        | Found a glowing silver altar of Zin.
   221 | D        | Found a glowing golden altar of the Shining One.
   221 | D        | Found an ancient bone altar of Kikubaaqudgha.
   221 | D        | Found a basalt altar of Yredelemnul.
   221 | D        | Found a shimmering altar of Xom.
   221 | D        | Found a radiant altar of Vehumet.
   222 | D        | Found an iron altar of Okawaru.
   223 | D        | Found a burning altar of Makhleb.
   224 | D        | Found a deep blue altar of Sif Muna.
   225 | D        | Found a bloodstained altar of Trog.
   226 | D        | Found a sparkling altar of Nemelex Xobeh.
   227 | D        | Found a white marble altar of Elyvilon.
   228 | D        | Found a roughly hewn altar of Beogh.
   229 | D        | Found a viscous altar of Jiyva.
   230 | D        | Found a corrupted altar of Lugonu.
   231 | D        | Found a blossoming altar of Fedhas.
   232 | D        | Found a snail-covered altar of Cheibriados.
   233 | D        | Found a shadowy altar of Dithmenos.
   234 | D        | Found a stormy altar of Qazlal.
   235 | D        | Found an opulent altar of Gozag.
   236 | D        | Found a sacrificial altar of Ru.
   253 | D        | Got the +4 quarterstaff of Siam {crush, rElec Str+3 Dex-2}
   263 | D        | Noticed a necrophage
   280 | D        | Killed a necrophage
   280 | D        | Reached skill level 8 in Long Blades
   280 | D        | Reached XP level 3. HP: 8/27 MP: 5/5
   280 | D        | Reached XP level 4. HP: 10/34 MP: 6/6
   297 | D        | Reached skill level 9 in Long Blades
   304 | D        | Slain by a worker ant

Vault maps used:
D:        linesprint

Action                   |  1- 3 |  4- 6 || total
-------------------------+-------+-------++-------
Melee: Long sword        |    58 |    24 ||    82
  Use: Potion            |     1 |       ||     1
